 Dungeon Crawl Stone Soup version 0.20.1-1-g8b1a95d (webtiles) character file.

17390 Irenicus the Severer (level 12, -28/159 HPs)
             Began as a Deep Dwarf Berserker on Nov 1, 2017.
             Was a High Priest of Trog.
             Annihilated by a titanic slime creature (89 damage)
             ... on level 12 of the Dungeon.
             The game lasted 00:59:24 (9556 turns).

Irenicus the Severer (Deep Dwarf Berserker)         Turns: 9556, Time: 00:59:25

Health: -28/159    AC: 24    Str: 23    XL:     12   Next: 18%
Magic:  10/10      EV: 12    Int: 11    God:    Trog [*****.]
Gold:   1267       SH:  0    Dex: 20    Spells: 11/11 levels left

rFire    . . .     SeeInvis .   Z - +0 war axe (elec)
rCold    + . .     Gourm    .   (no shield)
rNeg     . . .     Faith    .   X - +7 chain mail "Isuk" {MR+ Str-4 Int+3}
rPois    .         Spirit   .   v - +0 helmet
rElec    +         Reflect  .   (no cloak)
rCorr    .         Harm     .   r - +1 pair of gloves
MR       ++++.                  L - +0 pair of boots
Stlth    ..........             (no amulet)
Regen    1.0/turn               j - ring of ice
MPRegen  0.2/turn               y - ring of protection from fire

@: berserking (expiring), non-regenerating, very quick
A: damage resistance, heal wounds, talons 1, agile 2, deterioration 1, sense
surroundings 2, electricity resistance, no regeneration
a: Heal Wounds, Berserk, Trog's Hand, Brothers in Arms, Burn Spellbooks,
Renounce Religion


You were on level 12 of the Dungeon.
You worshipped Trog.
Trog was extremely pleased with you.
You were very hungry.

You visited 2 branches of the dungeon, and saw 13 of its levels.
You also visited: Sewer.

You collected 1267 gold pieces.

Inventory:

Hand Weapons
 d - a +2 hand axe of venom
 Z - a +0 war axe of electrocution (weapon)
Missiles
 b - 3 throwing nets (quivered)
Armour
 g - a +0 plate armour
 r - a +1 pair of gloves (worn)
 v - a +0 helmet (worn)
 C - a +0 buckler
 L - a +0 pair of boots (worn)
 N - the +1 ring mail of the Constellations {rElec Regen+ Str-4 Stlth+}
   (You found it on level 6 of the Dungeon)

   It affects your strength (-4).
   It insulates you from electricity.
   It increases your rate of regeneration.
   It makes you more stealthy.
 X - the +7 chain mail "Isuk" (worn) {MR+ Str-4 Int+3}
   (You found it on level 9 of the Dungeon)

   It affects your strength (-4).
   It affects your intelligence (+3).
   It affects your resistance to hostile enchantments.
Jewellery
 j - a ring of ice (left hand)
 x - an uncursed ring of stealth
 y - a ring of protection from fire (right hand)
 H - an uncursed ring of positive energy
 I - an uncursed amulet of rage
 W - an uncursed ring of protection from magic
Wands
 i - a wand of polymorph (15/24)
 w - a wand of flame (48/48)
 K - a wand of polymorph (12/24)
 M - a wand of flame (22/48)
 P - a wand of acid (0/15)
 U - a wand of disintegration (13/24)
 V - a wand of polymorph (16/24)
Scrolls
 e - a scroll of enchant weapon {unknown}
 f - 6 scrolls of teleportation
 m - 3 scrolls of recharging
 o - a scroll of immolation
 q - a scroll of blinking {unknown}
 s - 4 scrolls of fog
 t - a scroll of identify
 B - a scroll of magic mapping
 E - 3 scrolls of amnesia
 J - 3 scrolls of enchant armour {unknown}
 O - 2 scrolls of remove curse
 R - a scroll of acquirement {unknown}
Potions
 h - 4 potions of invisibility
 k - 2 potions of haste
 l - a potion of agility
 n - 6 potions of curing
 u - a potion of brilliance
 z - 2 potions of mutation
 A - a potion of berserk rage
 D - 3 potions of magic
 F - 2 potions of might
 G - a potion of ambrosia
 T - a potion of cancellation
Books
 a - a book of Debilitation

   Spells                             Type                      Level
   a - Corona                         Hexes                        1
   b - Slow                           Hexes                        2
   c - Inner Flame                    Hexes/Fire                   3
   d - Portal Projectile              Hexes/Translocation          3
   e - Cause Fear                     Hexes                        4
   f - Leda's Liquefaction            Hexes/Earth                  4
   Trog disapproves of the use of such an item.
 S - a book of Cantrips

   Spells                             Type                      Level
   a - Confusing Touch                Hexes                        1
   b - Animate Skeleton               Necromancy                   1
   c - Summon Small Mammal            Summoning                    1
   d - Apportation                    Translocation                1
   Trog disapproves of the use of such an item.
Comestibles
 c - 9 bread rations
 p - 12 royal jellies
 Q - 2 chunks of flesh


   Skills:
 + Level 6.6 Fighting
 - Level 16.0 Axes
 - Level 11.0 Armour
 - Level 6.0 Dodging
 - Level 3.1 Stealth


You had 11 spell levels left.
You didn't know any spells.

Dungeon Overview and Level Annotations

Branches:
Dungeon (12/15)            Temple (1/1) D:4            Lair (0/6) D:8
    Orc (0/2) D:10

Altars:
Ashenzari
Cheibriados
Dithmenos
Elyvilon
Fedhas
Gozag
Hepliaklqana
Kikubaaqudgha
Makhleb
Nemelex Xobeh
Okawaru
Qazlal
Sif Muna
Trog
Uskayaw
Vehumet
Xom
Yredelemnul
Zin
The Shining One

Shops:
D:4 [   D:10 }==

Annotations:
D:10 Glalom's ghost, journeyman DDFi


Innate Abilities, Weirdness & Mutations

You are resistant to damage.
You can heal yourself by infusing magical energy.
You passively map the area around you.
You do not regenerate.
You have sharp toenails.
You are very agile. (Dex +4)
Your body sometimes deteriorates upon taking damage.
You are resistant to electric shocks. (rElec)


Message History

The large slime creature is heavily wounded.
Two slime creatures merge to form a titanic slime creature.
You slash the titanic slime creature!
Lightning courses through the titanic slime creature!
The titanic slime creature is moderately wounded.
You slash the titanic slime creature!
Lightning courses through the titanic slime creature!
The titanic slime creature is moderately wounded.
You slice the titanic slime creature!!
Lightning courses through the titanic slime creature!
The titanic slime creature is heavily wounded.
The titanic slime creature hits you.
You slice the titanic slime creature!!
The titanic slime creature is severely wounded.
You slash the titanic slime creature!
Lightning courses through the titanic slime creature!
The titanic slime creature is severely wounded.
The titanic slime creature hits you!!!!
Ouch! That really hurt!
You die...

* #.#
#..........
####.#
#.......... ,
#....####
#..........
#.##....#
#..........
#.##....#
##########+ *
** #.......# *
, , ####.#### *
#.# , * <* #@#
** *
##J######### ,
#...).......* *
#.......J... *
* ***
#...........* ,
* #...........
* * * *
#...........
**#............
* , , ,
#............


You could see a titanic slime creature.

Vanquished Creatures
  A death knight (D:11)
  2 two-headed ogres
  A skeletal warrior (D:11)
  An unseen horror (D:11)
  An obsidian statue (D:9)
  3 ugly things
  2 cyclopes
  A freezing wraith (D:11)
  A kobold demonologist (D:11)
  A troll (D:11)
  A hornet (D:11)
  Grinder (D:4)
  2 hippogriffs
  Sigmund (D:3)
  3 wraiths
  3 wyverns
  A shadow (D:9)
  3 hogs (D:7)
  19 yaks
  A human (D:7)
  Menkaure (D:5)
  A soldier ant (D:10)
  A water moccasin (D:10)
  2 sky beasts
  2 phantoms
  4 orc warriors
  2 ice beasts (D:10)
  2 eyes of draining
  3 ogres
  6 centaurs
  A crocodile (D:8)
  4 big kobolds
  8 bullfrogs
  A gnoll sergeant (D:3)
  A wyvern zombie (D:11)
  2 scorpions
  A wyvern skeleton (D:9)
  A killer bee (D:10)
  9 wights
  5 crimson imps
  5 centaur zombies
  2 quasits
  2 jellies
  9 orc priests
  2 gnoll shamans (D:3)
  4 hounds
  11 orc wizards
  A bullfrog skeleton (D:3)
  Natasha (D:2)
  4 iguanas
  8 worker ants
  A killer bee zombie (D:7)
  A hound zombie (D:5)
  A worker ant zombie (D:5)
  29 gnolls (D:3)
  A howler monkey skeleton (D:10)
  12 adders
  A river rat (Sewer)
  A shadow imp (D:10)
  2 oozes (Sewer)
  An adder skeleton (D:9)
  A dart slug (D:2)
  5 worms
  8 leopard geckos
  39 orcs
  A ball python (D:2)
  14 giant cockroaches
  5 goblins
  4 hobgoblins
  21 jackals
  18 kobolds
  A quokka (D:7)
  4 bats
  3 frilled lizards
  A leopard gecko skeleton (D:4)
  7 rats
337 creatures vanquished.

Notes
Turn   | Place    | Note
-------+----------+-------------------------------------------
     0 | D:1      | Irenicus the Deep Dwarf Berserker began the quest for the Orb.
     0 | D:1      | Reached XP level 1. HP: 20/20 MP: 1/1
   457 | D:1      | Reached XP level 2. HP: 18/27 MP: 2/2
   585 | D:2      | Reached skill level 4 in Axes
   831 | D:2      | Found a glowing golden altar of the Shining One.
   877 | D:2      | Reached XP level 3. HP: 12/33 MP: 3/3
  1126 | D:2      | Found a white marble altar of Elyvilon.
  1138 | D:2      | Found a snail-covered altar of Cheibriados.
  1143 | D:2      | Found a basalt altar of Yredelemnul.
  1246 | D:2      | Reached ** piety under Trog
  1352 | D:2      | Noticed Natasha
  1362 | D:2      | Killed Natasha
  1362 | D:2      | Reached XP level 4. HP: 7/40 MP: 4/4
  1700 | D:3      | Reached skill level 5 in Armour
  1766 | D:3      | Reached XP level 5. HP: 32/46 MP: 5/5
  1793 | D:3      | Noticed Sigmund
  1810 | D:3      | Killed Sigmund
  1810 | D:3      | Reached skill level 6 in Axes
  1810 | D:3      | Reached XP level 6. HP: 55/55 MP: 6/6
  1893 | D:3      | Reached skill level 7 in Axes
  1905 | D:3      | Reached XP level 7. HP: 48/61 MP: 7/7
  1962 | D:3      | Reached *** piety under Trog
  1978 | D:3      | Reached skill level 8 in Axes
  2325 | D:3      | Found a sparkling altar of Nemelex Xobeh.
  2595 | D:4      | Found Peih's Antique Armour Shop.
  2751 | D:4      | Found a staircase to the Ecumenical Temple.
  2759 | Temple   | Entered the Ecumenical Temple
  2991 | D:4      | Reached skill level 9 in Axes
  3061 | D:4      | Found a glowing drain.
  3069 | Sewer    | Entered a sewer
  3128 | Sewer    | Reached XP level 8. HP: 47/68 MP: 8/8
  3134 | Sewer    | Reached **** piety under Trog
  3356 | Sewer    | Reached skill level 10 in Axes
  3425 | D:4      | Noticed Grinder
  3436 | D:4      | Paralysed by Grinder for 4 turns
  3450 | D:4      | Killed Grinder
  3734 | D:4      | Found a burning altar of Makhleb.
  3744 | D:4      | Reached skill level 11 in Axes
  3979 | D:5      | Entered Level 5 of the Dungeon
  3979 | D:5      | Noticed Menkaure
  4091 | D:5      | Killed Menkaure
  4236 | D:5      | Reached skill level 12 in Axes
  4465 | D:5      | Gained mutation: You passively map the area around you. [Deep Dwarf growth]
  4465 | D:5      | Reached XP level 9. HP: 19/74 MP: 9/9
  4628 | D:6      | Got a blackened ring mail
  4642 | D:6      | Identified the +1 ring mail of the Constellations {rElec Regen+ Str-4 Stlth+} (You found it on level 6 of the Dungeon)
  5030 | D:6      | Reached skill level 13 in Axes
  5033 | D:6      | Gained mutation: You are agile. (Dex +2) [mutagenic meat]
  5034 | D:6      | Gained mutation: You occasionally shout uncontrollably at your foes. [mutagenic meat]
  5035 | D:6      | Gained mutation: You are weak. (Str -2) [mutagenic meat]
  5232 | D:7      | Reached skill level 1 in Stealth
  5309 | D:7      | Found a radiant altar of Vehumet.
  5412 | D:7      | Found a snail-covered altar of Cheibriados.
  5504 | D:7      | Reached skill level 5 in Dodging
  5817 | D:8      | Reached XP level 10. HP: 36/84 MP: 0/10
  6076 | D:8      | Reached skill level 14 in Axes
  6228 | D:8      | Found a staircase to the Lair.
  6416 | D:8      | Noticed a two-headed ogre
  6445 | D:8      | Killed a two-headed ogre
  6477 | D:8      | Received a gift from Trog
  6822 | D:8      | Reached skill level 15 in Axes
  6895 | D:9      | Noticed an obsidian statue
  7170 | D:9      | Reached skill level 5 in Fighting
  7179 | D:9      | Gained mutation: Your system is resistant to poisons. (rPois) [mutagenic meat]
  7219 | D:9      | Found a stormy altar of Qazlal.
  7369 | D:9      | Reached XP level 11. HP: 55/96 MP: 10/10
  7370 | D:9      | Received a gift from Trog
  7418 | D:9      | Noticed a two-headed ogre
  7469 | D:9      | Killed a two-headed ogre
  7556 | D:9      | Killed an obsidian statue
  7566 | D:9      | Got an amber-encrusted chain mail
  7673 | D:9      | Identified the +7 chain mail "Isuk" {MR+ Str-4 Int+3} (You found it on level 9 of the Dungeon)
  7693 | D:10     | Entered Level 10 of the Dungeon
  7775 | D:10     | Reached skill level 16 in Axes
  7807 | D:10     | Found Yzijiof's Jewellery Boutique.
  7958 | D:10     | Found Zudaong's Gadget Shoppe.
  8182 | D:10     | Found Edghostoawk's Jewellery Shop.
  8374 | D:10     | Found a staircase to the Orcish Mines.
  8492 | D:10     | Noticed a cyan ugly thing
  8515 | D:10     | Killed a cyan ugly thing
  8744 | D:10     | Noticed Glalom's ghost (journeyman DDFi)
  8748 | D:10     | Noticed a fire giant
  8753 | D:10     | Noticed a six-headed hydra
  8815 | D:11     | Found an opulent altar of Gozag.
  8819 | D:11     | Noticed a sixfirhy
  8890 | D:11     | Noticed a skeletal warrior
  8958 | D:11     | Noticed a brown ugly thing
  8964 | D:11     | Reached skill level 10 in Armour
  8977 | D:11     | Killed a brown ugly thing
  8987 | D:11     | Gained mutation: Your body sometimes deteriorates upon taking damage. [mutagenic meat]
  8991 | D:11     | Killed an unseen horror
  8994 | D:11     | Gained mutation: You are somewhat resistant to further mutation. [mutagenic meat]
  9060 | D:11     | Reached ***** piety under Trog
  9162 | D:11     | Killed a skeletal warrior
  9162 | D:11     | Reached XP level 12. HP: 49/103 MP: 10/10
  9237 | D:11     | Noticed a death knight
  9255 | D:11     | Killed a death knight
  9543 | D:12     | Lost mutation: You are agile. (Dex +2) [potion of mutation]
  9543 | D:12     | Lost mutation: Your system is resistant to poisons. (rPois) [potion of mutation]
  9543 | D:12     | Lost mutation: You are weak. (Str -2) [potion of mutation]
  9543 | D:12     | Lost mutation: You are somewhat resistant to further mutation. [potion of mutation]
  9543 | D:12     | Lost mutation: You occasionally shout uncontrollably at your foes. [potion of mutation]
  9543 | D:12     | Gained mutation: You are agile. (Dex +2) [potion of mutation]
  9543 | D:12     | Gained mutation: You are resistant to electric shocks. (rElec) [potion of mutation]
  9543 | D:12     | Gained mutation: You have sharp toenails. [potion of mutation]
  9543 | D:12     | Gained mutation: You are very agile. (Dex +4) [potion of mutation]
  9556 | D:12     | Annihilated by a titanic slime creature

Skill      XL: |  1  2  3  4  5  6  7  8  9 10 11 12 |
---------------+-------------------------------------+-----
Axes           | 4 6 7 9 12 13 15 16 | 16.0
Armour         | 3 4 5 6 10 11 | 11.0
Stealth        | 3 |  3.1
Fighting       | 3 5 6 |  6.6
Dodging        | 6 |  6.0

Action                   |  1- 3 |  4- 6 |  7- 9 | 10-12 || total
-------------------------+-------+-------+-------+-------++-------
Melee: Hand axe          |   115 |   161 |   675 |   400 ||  1351
       War axe           |       |       |    12 |   180 ||   192
Throw: Throwing net      |       |       |     2 |     1 ||     3
Invok: Berserk           |     2 |     5 |    12 |    13 ||    32
       Trog's Hand       |       |     1 |     5 |    15 ||    21
 Abil: Heal Wounds       |       |       |       |     4 ||     4
Evoke: Wand              |       |       |       |     2 ||     2
  Use: Potion            |       |     3 |     6 |     7 ||    16
       Scroll            |       |       |    11 |     9 ||    20
 Stab: Invisible         |       |       |     7 |       ||     7
       Sleeping          |       |       |     2 |     5 ||     7
  Eat: Chunk             |     2 |     7 |    27 |    26 ||    62
       Fruit             |       |       |     2 |       ||     2
       Meat ration       |       |       |       |     1 ||     1
       Bread ration      |       |       |       |     1 ||     1
Armor: Plate armour      |    61 |   116 |   270 |       ||   447
       Ring mail         |     2 |       |    38 |    39 ||    79
       Skin              |       |       |       |    18 ||    18
       Chain mail        |       |       |       |   138 ||   138
Dodge: Dodged            |    32 |    77 |   230 |   195 ||   534
